 Dungeon Crawl Stone Soup version 0.21-a0-480-g5da0f0d (webtiles) character file.

908 slep the Slasher (level 7, -6/61 HPs)
             Began as a Minotaur Gladiator on Nov 23, 2017.
             Was a Follower of Okawaru.
             Mangled by Prince Ribbit (15 damage)
             ... on level 5 of the Dungeon.
             The game lasted 00:19:33 (4010 turns).

slep the Slasher (Minotaur Gladiator)               Turns: 4010, Time: 00:19:34

Health: -6/61      AC:  7    Str: 18    XL:     7   Next: 81%
Magic:  6/6        EV: 13    Int:  5    God:    Okawaru [*.....]
Gold:   88         SH:  0    Dex: 14    Spells: 6/6 levels left

rFire    . . .     SeeInvis .   w - +3 hand axe
rCold    + . .     Gourm    .   (no shield)
rNeg     . . .     Faith    .   p - +0 ring mail
rPois    .         Spirit   .   c - +0 hat
rElec    .         Reflect  .   (no cloak)
rCorr    .         Harm     .   (no gloves)
MR       .....                  B - +0 pair of boots
Stlth    +.........             l - amulet of magic regeneration
HPRegen  0.20/turn              g - ring of protection from cold
MPRegen  0.35/turn              y - ring of flight

@: no status effects
A: retaliatory headbutt, horns 2
a: Heroism, Renounce Religion, Evoke Flight


You were on level 5 of the Dungeon.
You worshipped Okawaru.
Okawaru was aware of your devotion.
You were not hungry.

You visited 1 branch of the dungeon, and saw 5 of its levels.

You collected 221 gold pieces.
You spent 133 gold pieces at shops.

Inventory:

Hand Weapons
 a - a +0 long sword
 s - a +0 spear
 u - a +0 vampiric trident
 w - a +3 hand axe (weapon)
Missiles
 d - 2 throwing nets (quivered)
 q - 2 needles of confusion
Armour
 b - a +0 leather armour
 c - a +0 hat (worn)
 p - a +0 ring mail (worn)
 B - a +0 pair of boots (worn)
Jewellery
 g - a ring of protection from cold (left hand)
 l - an amulet of magic regeneration (around neck)
 y - a ring of flight (right hand)
 z - an uncursed ring of protection from cold
Wands
 D - a wand of disintegration (15)
 F - a wand of flame (28)
Scrolls
 h - 2 scrolls of teleportation {unknown}
 j - 4 scrolls of magic mapping {unknown}
 k - 2 scrolls of remove curse {unknown}
 m - a scroll of fog {unknown}
 n - 2 scrolls of blinking {unknown}
 r - 2 scrolls of identify {unknown}
 x - a scroll of enchant weapon {unknown}
 E - a scroll of immolation {unknown}
Potions
 e - a potion of curing
 i - a potion of brilliance
 C - a potion of flight
 G - a potion of lignification {unknown}
 H - a potion of heal wounds
Comestibles
 f - 5 bread rations
 o - 3 fruits
 t - 2 meat rations
 v - a royal jelly


   Skills:
 + Level 5.1 Fighting
 + Level 6.0 Long Blades
 + Level 4.3 Axes
 + Level 0.5(2.7) Polearms
 + Level 2.0 Throwing
 + Level 5.2 Armour
 + Level 4.9 Dodging
 + Level 0.6 Stealth


You had 6 spell levels left.
You didn't know any spells.

Dungeon Overview and Level Annotations

Branches:
Dungeon (5/15)
 Temple: D:4-7

Altars:
Ashenzari
Dithmenos
Makhleb
Okawaru
Vehumet

Shops:
D:4 !*=

Annotations:
D:5 Prince Ribbit


Innate Abilities, Weirdness & Mutations

You reflexively headbutt those who attack you in melee.
You have a pair of horns on your head.


Message History

You now have 88 gold pieces (gained 9).
Prince Ribbit comes into view.
Prince Ribbit croaks.
Prince Ribbit blinks!
Prince Ribbit blinks!
Prince Ribbit hits you!
All of the chunks of flesh in your inventory have rotted away.
You closely miss Prince Ribbit.
Prince Ribbit asks, "Just a little smooch?"
Prince Ribbit hits you.
You hit Prince Ribbit.
Prince Ribbit is lightly wounded.
Prince Ribbit hits you!
* * * LOW HITPOINT WARNING * * *
Prince Ribbit hits you.
* * * LOW HITPOINT WARNING * * *
You hit Prince Ribbit.
Prince Ribbit is moderately wounded.
Prince Ribbit hits you!
You die...

.#.#..#.###########.#####..#.##
.#.#..#.............# ##.###.###
.#.################## #.## ##...
.#.#### ##########.###.###
.#....# #...........#.## ......#
#.########.#.### ####..# #.#
#.....# # #..# #.# #.....## #
#..# #@# #......# # #..# #F#
#...>..# #..# #.# #......# #..#
#.# #######.##.# ##.# #..
.......)##.# #####.#### ###
#######.##.# ........(# #.##.#
...<..##.# #(##.#
#####.##.##################(##.#


You could see Prince Ribbit.

Vanquished Creatures
  Duvessa (D:5)
  A sky beast (D:4)
  An ogre (D:5)
  2 centaurs (D:5)
  Dowan (D:5)
  A scorpion (D:4)
  A crimson imp (D:5)
  2 hounds
  An orc priest (D:5)
  3 orc wizards
  The ghost of COBRA the Chopper, a weakling VSFi (D:4)
  5 adders
  A worm (D:3)
  2 dart slugs (D:1)
  6 leopard geckos
  13 orcs
  8 bats
  9 giant cockroaches
  9 goblins
  9 hobgoblins
  6 kobolds
  2 quokkas
  3 ball pythons
  2 frilled lizards (D:2)
  A quokka skeleton (D:4)
  9 rats
100 creatures vanquished.

Notes
Turn   | Place    | Note
-------+----------+-------------------------------------------
     0 | D:1      | slep the Minotaur Gladiator began the quest for the Orb.
     0 | D:1      | Reached XP level 1. HP: 18/18 MP: 0/0
    76 | D:1      | Reached XP level 2. HP: 14/25 MP: 1/1
    90 | D:1      | Reached skill level 4 in Long Blades
   514 | D:1      | Reached XP level 3. HP: 27/30 MP: 2/2
  1014 | D:2      | Found a shadowy altar of Dithmenos.
  1067 | D:2      | Reached skill level 1 in Armour
  1354 | D:2      | Found an iron altar of Okawaru.
  1363 | D:2      | Became a worshipper of Warmaster Okawaru
  1365 | D:2      | Reached XP level 4. HP: 25/37 MP: 3/3
  1613 | D:3      | Found a shattered altar of Ashenzari.
  1655 | D:3      | Reached skill level 5 in Long Blades
  1694 | D:3      | Reached XP level 5. HP: 21/45 MP: 4/4
  2309 | D:4      | Found Hiotuil's Assorted Antiques.
  2323 | D:4      | Bought a scroll labeled EME RAEHIORAU for 25 gold pieces
  2323 | D:4      | Bought a scroll labeled PEORROU QOTTA for 25 gold pieces
  2323 | D:4      | Bought a scroll labeled UFFOANG UDID for 25 gold pieces
  2323 | D:4      | Bought a fizzy golden potion for 22 gold pieces
  2360 | D:4      | Found a radiant altar of Vehumet.
  2365 | D:4      | Found Ruycai's Jewellery Boutique.
  2673 | D:4      | Noticed COBRA's ghost (weakling VSFi)
  2679 | D:4      | Killed COBRA's ghost
  2689 | D:4      | Found Hivioschu's Distillery.
  2724 | D:4      | Noticed a sky beast
  2740 | D:4      | Killed a sky beast
  2740 | D:4      | Reached skill level 1 in Axes
  2740 | D:4      | Reached XP level 6. HP: 35/51 MP: 5/5
  2814 | D:4      | Bought a potion of curing for 36 gold pieces
  2970 | D:4      | Found a burning altar of Makhleb.
  3448 | D:5      | Entered Level 5 of the Dungeon
  3795 | D:5      | Reached XP level 7. HP: 54/58 MP: 6/6
  3805 | D:5      | Reached * piety under Okawaru
  3805 | D:5      | Reached skill level 6 in Long Blades
  3903 | D:5      | Noticed Dowan
  3904 | D:5      | Noticed Duvessa
  3916 | D:5      | Killed Duvessa
  3916 | D:5      | Reached skill level 5 in Armour
  3921 | D:5      | Killed Dowan
  3921 | D:5      | Reached skill level 5 in Fighting
  4003 | D:5      | Noticed Prince Ribbit
  4010 | D:5      | Mangled by Prince Ribbit

Vault maps used:
D:1:      minmay_arrival_nine_rooms
D:2:      grunt_dithmenos_smoke, kennysheep_okawaru_gauntlet
D:3:      evilmike_ruin_ashenzari, minivault_24
D:4:      makhleb_heckhound_becter, vehumet_altar_wand_db, first_bread,
          serial_shops, nicolae_shop_waterfront, shop,
          nicolae_shop_overgrown_old_shop
D:5:      basic_altar, lightli_sewer_entry_pipes, uniq_duvessa,
          uniq_prince_ribbit1, uniq_blork_the_orc

Skill      XL: |  1  2  3  4  5  6  7 |
---------------+----------------------+-----
Long Blades    | 4 5 6 |  6.0
Armour         | 1 2 3 4 5 |  5.2
Dodging        | 4 |  4.9
Fighting       | 3 5 |  5.1
Axes           | 1 2 4 |  4.3
Polearms       | |  0.5
Throwing       | |  2.0
Stealth        | |  0.6

Action                   |  1- 3 |  4- 6 |  7- 9 || total
-------------------------+-------+-------+-------++-------
Melee: Long sword        |    67 |    27 |       ||    94
       Headbutt          |    12 |    15 |     8 ||    35
       Hand axe          |       |    91 |    28 ||   119
       Spear             |       |     2 |       ||     2
Throw: Throwing net      |       |     1 |       ||     1
  Use: Potion            |       |     5 |     1 ||     6
  Eat: Chunk             |     1 |     7 |     1 ||     9
       Fruit             |       |     1 |       ||     1
Armor: Leather armour    |    12 |       |       ||    12
       Ring mail         |    10 |    33 |     9 ||    52
Dodge: Dodged            |    66 |    79 |    17 ||   162
       Rpst.: Long sword |    17 |     4 |       ||    21

Table legend:
 A = Spawn XP
 B = Non-spawn XP
 C = Spawn XP percentage of total XP
 D = Spawn monster count
 E = Non-spawn monster count
 F = Spawn count percentage of total count
 G = Total turns spent on level
                    A         B        C        D         E        F      G
               +---------+---------+-------+---------+---------+-------+---------
         Total |       0 |    1298 |   0.0 |       0 |     100 |   0.0 |  4010
               +---------+---------+-------+---------+---------+-------+---------
           D:1 |       0 |      55 |   0.0 |       0 |      27 |   0.0 |  1013
           D:2 |       0 |      70 |   0.0 |       0 |      23 |   0.0 |   559
           D:3 |       0 |     130 |   0.0 |       0 |      23 |   0.0 |   625
           D:4 |       0 |     284 |   0.0 |       0 |      13 |   0.0 |  1463
           D:5 |       0 |     759 |   0.0 |       0 |      14 |   0.0 |   350
               +---------+---------+-------+---------+---------+-------+---------
